 Dungeon Crawl Stone Soup version 0.21-a0-504-g2eda330 (webtiles) character file.

35 vineage the Slasher (level 3, -2/29 HPs)
             Began as a Demonspawn Berserker on Nov 25, 2017.
             Was a Believer of Trog.
             Slain by a hobgoblin
             ... wielding a +0 club
              (6 damage)
             ... on level 1 of the Dungeon.
             The game lasted 00:01:17 (1098 turns).

vineage the Slasher (Demonspawn Berserker)          Turns: 1098, Time: 00:01:18

Health: -2/29      AC:  2    Str: 18    XL:     3   Next: 16%
Magic:  0/3        EV: 12    Int:  8    God:    Trog [**....]
Gold:   33         SH:  0    Dex: 12    Spells: 2/2 levels left

rFire    . . .     SeeInvis .   a - +0 falchion
rCold    . . .     Gourm    .   (no shield)
rNeg     . . .     Faith    .   b - +0 animal skin
rPois    .         Spirit   +   (no helmet)
rElec    .         Reflect  .   (no cloak)
rCorr    .         Harm     .   (no gloves)
MR       .....                  (no boots)
Stlth    +.........             (no amulet)
HPRegen  0.09/turn              (no ring)
MPRegen  0.08/turn              (no ring)

@: no status effects
A: claws 1, magic shield
a: Berserk, Trog's Hand, Burn Spellbooks, Renounce Religion


You were on level 1 of the Dungeon.
You worshipped Trog.
Trog was pleased with you.
You were hungry.

You visited 1 branch of the dungeon, and saw 1 of its levels.

You collected 33 gold pieces.

Inventory:

Hand Weapons
 a - a +0 falchion (weapon)
Armour
 b - a +0 animal skin (worn)
Jewellery
 l - an uncursed ring of wizardry {unknown}
Scrolls
 d - a scroll of noise {unknown}
 e - a scroll of teleportation {unknown}
 f - a scroll of random uselessness {unknown}
Potions
 h - 2 potions of brilliance {unknown}
 i - 2 potions of curing {unknown}
 j - a potion of resistance {unknown}
 k - a potion of flight {unknown}
Comestibles
 c - 3 bread rations
 g - 2 royal jellies


   Skills:
 - Level 3.0 Fighting
 + Level 3.9 Long Blades
 - Level 1.7 Armour
 - Level 1.7 Dodging


You had 2 spell levels left.
You didn't know any spells.

Dungeon Overview and Level Annotations

Branches:
Dungeon (1/15)

Altars:


Innate Abilities, Weirdness & Mutations

You have sharp fingernails.
When hurt, damage is shared between your health and your magic reserves.


Message History

The hobgoblin barely misses you.
You riposte.
You hit the hobgoblin.
The hobgoblin is moderately wounded.
The hobgoblin hits you with a club. The hobgoblin barely misses you.
The hobgoblin barely misses you.
The hobgoblin hits you but does no damage.
The hobgoblin closely misses you. The hobgoblin barely misses you.
The hobgoblin hits you with a club. The hobgoblin barely misses you.
The hobgoblin hits you with a club.
The hobgoblin hits you but does no damage.
The hobgoblin completely misses you. The hobgoblin hits you with a club.
The hobgoblin hits you with a club.
* * * LOW HITPOINT WARNING * * *
The hobgoblin hits you with a club.
* * * LOW HITPOINT WARNING * * *
The hobgoblin hits you with a club!
You die...

#........##.##.#.≈
#####'######.#.##.####
#........###.##..#§#..
#........#...#...#..##
#........#.#.##.##.##.
#........#.#.#≈.#.###.
#.(......#.#.#.§##.###
#........#.#.#.##.#..#
####.@..##.#.#...##..#
##g####.#.####....#
.[. ..#.####.≈.<#
..... #.#§..#####
....... #.#≈§§# .
#.......# #.#.§§# ##
#......%# #.#.>≈#
#.(.....# #.#≈.≈#####
#..........


You could see a hobgoblin.

Vanquished Creatures
  A dart slug (D:1)
  A ball python (D:1)
  8 goblins (D:1)
  3 hobgoblins (D:1)
  A jackal (D:1)
  2 bats (D:1)
  2 frilled lizards (D:1)
  5 kobolds (D:1)
  8 rats (D:1)
31 creatures vanquished.

Notes
Turn   | Place    | Note
-------+----------+-------------------------------------------
     0 | D:1      | vineage the Demonspawn Berserker began the quest for the Orb.
     0 | D:1      | Reached XP level 1. HP: 18/18 MP: 1/1
   267 | D:1      | Gained mutation: You have sharp fingernails. [demonic ancestry]
   267 | D:1      | Reached XP level 2. HP: 18/24 MP: 2/2
   867 | D:1      | Gained mutation: When hurt, damage is shared between your health and your magic reserves. [demonic ancestry]
   867 | D:1      | Reached XP level 3. HP: 22/29 MP: 3/3
  1064 | D:1      | Reached ** piety under Trog
  1098 | D:1      | Slain by a hobgoblin

Vault maps used:
D:1:      dpeg_arrival_brainrot, minmay_heptomino_w4

Skill      XL: |  1 |
---------------+----+-----
Long Blades    | 3 |  3.9
Fighting       | |  3.0
Armour         | |  1.7
Dodging        | |  1.7

Action                   || total
-------------------------++-------
Melee: Falchion          ||    70
 Stab: Distracted        ||     1
Armor: Animal skin       ||    10
Dodge: Dodged            ||    60
       Rpst.: Falchion   ||    17

Table legend:
 A = Spawn XP
 B = Non-spawn XP
 C = Spawn XP percentage of total XP
 D = Spawn monster count
 E = Non-spawn monster count
 F = Spawn count percentage of total count
 G = Total turns spent on level
                    A         B        C        D         E        F      G
               +---------+---------+-------+---------+---------+-------+---------
         Total |       0 |      50 |   0.0 |       0 |      31 |   0.0 |  1098
               +---------+---------+-------+---------+---------+-------+---------
           D:1 |       0 |      50 |   0.0 |       0 |      31 |   0.0 |  1098
               +---------+---------+-------+---------+---------+-------+---------
